 Dungeon Crawl Stone Soup version 0.30.1-9-gdf580d7c3d (webtiles) character file.

Game seed: 14424373654129132280

226 KittyFluff the Cudgeller (level 6, -9/38 HPs)
             Began as a Gargoyle Berserker on Oct 9, 2023.
             Was a Priest of Trog.
             Mangled by an ogre
             ... wielding a +0 giant spiked club
              (24 damage)
             ... on level 4 of the Dungeon.
             The game lasted 00:10:49 (2838 turns).

KittyFluff the Cudgeller (Gargoyle Berserker)       Turns: 2838, Time: 00:10:50

Health: -9/38      AC: 18    Str: 23    XL:     6   Next: 1%
Magic:  6/6        EV: 12    Int:  7    God:    Trog [***...]
Gold:   245        SH:  0    Dex:  9    Spells: 5/5 levels left

rFire   . . .        g - +0 flail (protect)
rCold   . . .        (no shield)
rNeg    + . .        l - +0 leather armour
rPois   ∞            a - +1 helmet
rElec   +            o - +0 cloak
rCorr   .            (no gloves)
SInv    .            (no boots)
Will    .....        (no amulet)
Stlth   +            (no ring)
HPRegen 0.26/turn    (no ring)
MPRegen 0.10/turn

%: no passive effects
@: under a protective aura
A: sickness immunity, AC +4, negative energy resistance 1, electricity
resistance, torment resistance 1, petrification resistance
a: Renounce Religion, Berserk, Trog's Hand


You were on level 4 of the Dungeon.
You worshipped Trog.
Trog was most pleased with you.
You visited 1 branch of the dungeon, and saw 4 of its levels.

You collected 245 gold pieces.

Inventory:

Hand Weapons
 g - a +0 flail of protection (weapon)
 j - a +0 sling
 n - a +2 quarterstaff of chaos
Armour
 a - a +1 helmet (worn)
 l - a +0 leather armour (worn)
 o - a +0 cloak (worn)
Scrolls
 b - a scroll of immolation {unknown}
 c - a scroll of enchant weapon {unknown}
 d - 3 scrolls of teleportation {unknown}
 e - 2 scrolls of identify {unknown}
 f - 2 scrolls of enchant armour {unknown}
 h - a scroll of brand weapon {unknown}
 q - a scroll of torment {unknown}
Potions
 i - a potion of curing {unknown}
 k - a potion of ambrosia {unknown}
 m - 2 potions of mutation {unknown}
 p - a potion of brilliance {unknown}
 r - a potion of degeneration {unknown}
 s - a potion of cancellation {unknown}


   Skills:
 + Level 4.0 Fighting
 * Level 4.5 Maces & Flails
 * Level 4.2 Armour
 + Level 2.4 Dodging


You had 5 spell levels left.
You didn't know any spells.
Your spell library was empty.

Dungeon Overview and Level Annotations

Branches:
Dungeon (4/15)
 Temple: D:4-7

Altars:
Ashenzari
Dithmenos
Uskayaw
Xom
Zin


Innate Abilities, Weirdness & Mutations

You are immune to sickness and miasma.
Your stone body is resilient. (AC +4)
You are immune to poison.
You resist negative energy. (rN+)
You are resistant to electric shocks. (rElec)
You are resistant to unholy torment.
You are immune to petrification.


Message History

You closely miss the ball python.
The ball python bites you but does no damage.
The ball python constricts you.
You barely miss the ball python.
The ball python bites you but does no damage.
The ball python constricts you.
You hit the ball python.
Your weapon exudes an aura of protection.
The ball python is moderately wounded.
The ball python closely misses you. The ball python constricts you.
The ball python bites you but does no damage.
The ball python constricts you.
You sock the ball python!
You kill the ball python!
Trog accepts your kill.
You see here a ball python corpse.
You start resting.
HP restored.
There is a stone staircase leading down here.
You open the door.
Found a dagger.
There is an open door here.
You open the door.
A jelly and an ogre come into view.
The ogre shouts!
The ogre moves out of view.
Found a broken altar of Ashenzari and a shimmering altar of Xom.
The jelly quivers.
You hit the ogre.
Your weapon exudes an aura of protection.
The ogre is lightly wounded.
The ogre hits you with a +0 giant spiked club!!
Ouch! That really hurt!
You barely miss the ogre.
The ogre is lightly wounded.
You sock the ogre!
The ogre is severely wounded.
The ogre hits you with a +0 giant spiked club!!
Ouch! That really hurt!
You die...

####.. ........### .#..######
###........#..##. .........#
..'........#.... .........#
#........+... .........#
#........#..
.##...##.#######........#.# +
.##...##.##.#.....####'##.##+###.
.#....#.....#.....#..............
.#....#.....#...@.#..............
.#....#.....#...O####.....>......
.#....#.....'...#J #............
.#.<..+.....#...#._ #............
.#....#.....#...#§..#............
.#....#.....#...#§≈≈#...†.†......
.##.####.##.#...#.§.#####........
.##+####+##.###(#._.#....########
.....#....#...#.# #.....#


You could see an ogre and a jelly.

Vanquished Creatures
  Crazy Yiuf (D:3)
  An iguana (D:3)
  5 gnolls
  4 adders
  A worm (D:4)
  2 dart slugs (D:1)
  2 orcs (D:3)
  10 endoplasms
  4 giant cockroaches
  7 hobgoblins
  7 jackals
  4 quokkas
  7 ball pythons
  8 bats
  4 frilled lizards
  3 goblins
  5 kobolds
  3 rats
78 creatures vanquished.

Notes
Turn   | Place    | Note
-------+----------+-------------------------------------------
     0 | D:1      | KittyFluff the Gargoyle Berserker began the quest for the
                  | Orb.
     0 | D:1      | Reached XP level 1. HP: 14/14 MP: 1/1
   189 | D:1      | Reached XP level 2. HP: 18/19 MP: 2/2
   506 | D:1      | Reached XP level 3. HP: 17/23 MP: 3/3
   568 | D:1      | Reached ** piety under Trog
   835 | D:2      | HP: 1/23 [gnoll/+0 flail of protection (9)]
   842 | D:2      | Reached XP level 4. HP: 3/29 MP: 4/4
   974 | D:2      | You fall into a shaft and drop 2 floors!
  1058 | D:3      | Reached XP level 5. HP: 7/33 MP: 5/5
  1241 | D:3      | Found a shadowy altar of Dithmenos.
  1474 | D:3      | Found a large runed translucent door.
  1474 | D:3      | Found a large runed translucent door.
  1551 | D:3      | Found a glowing silver altar of Zin.
  1563 | D:3      | Found a hide-covered altar of Uskayaw.
  1857 | D:2      | Reached *** piety under Trog
  2329 | D:3      | Found a runed translucent door.
  2330 | D:3      | Noticed Crazy Yiuf
  2339 | D:3      | Killed Crazy Yiuf
  2795 | D:4      | Reached XP level 6. HP: 37/38 MP: 6/6
  2833 | D:4      | Found a broken altar of Ashenzari.
  2833 | D:4      | Found a shimmering altar of Xom.
  2838 | D:4      | Mangled by an ogre

Illustrated notes

Levels and vault maps discovered:
D:1:      amcnicky_arrival_wind_blow, layout_basic, kennysheep_pointless_box
D:2:      layout_rooms, minmay_misc_feat_ornament
D:3:      layout_basic, nicolae_dithmenos_the_darkroom, jmf_multi_god_temple2,
          uniq_crazy_yiuf_cottage
D:4:      layout_gridville, grunt_temple_overflow_diamond,
          mainiacjoe_overflow_divided_tiny

Skill      XL: |  1  2  3  4  5 |
---------------+----------------+-----
Armour         | 3 4 |  4.2
Dodging        | 2 |  2.4
Maces & Flails | 4 |  4.5
Fighting       | 4 |  4.0

Action                     |  1- 3 |  4- 6 || total
---------------------------+-------+-------++-------
  Melee: Mace              |   114 |    11 ||   125
         Flail             |       |   141 ||   141
         Punch             |       |     1 ||     1
 Invoke: Berserk           |     1 |     1 ||     2
 Armour: Animal skin       |    55 |    50 ||   105
         Leather armour    |       |    32 ||    32
  Dodge: Dodged            |    76 |    95 ||   171
